 Dungeon Crawl Stone Soup version 0.32-a0-685-g93135e86f0 (webtiles) character file.

Game seed: 2033442523975127880

43225 gimp the Dancer (level 14, -6/140 HPs)
             Began as an Oni Shapeshifter on Mar 12, 2024.
             Was a Follower of Uskayaw.
             Mangled by a cane toad (9 damage)
             ... while petrified by a basilisk
             ... on level 5 of the Lair of Beasts.
             The game lasted 00:28:30 (16921 turns).

gimp the Dancer (Oni Shapeshifter)                 Turns: 16921, Time: 00:28:31

Health: -6/140     AC:  4    Str: 26    XL:     14   Next: 23%
Magic:  24/24      EV:  1    Int:  7    God:    Uskayaw [*.....]
Gold:   1145       SH:  0    Dex: 24    Spells: 13/13 levels left

rFire   . .          .
                       - Unarmed
rCold   . . .        (shield currently unavailable)
rNeg    + + +        f - melded +0 acid dragon scales
rPois   ∞            (helmet restricted)
rElec   +            B - +2 cloak of Altruism {Dex+6}
rCorr   .            (gloves unavailable)
SInv    .            (boots unavailable)
Will    +....        z - amulet of Leiryps {Regen+ Slay+2}
Stlth   +            w - ring "Dedem" {rElec Str+5 Int-4 Dex+6}
HPRegen 1.23/turn    F - +5 ring of evasion
MPRegen 0.19/turn

%: no passive effects
@: flux-form, petrified, glowing, studying Stealth
A: glow, contaminating, large, unfitting armour, horns 1, tough skin 1, double
potion healing, drunken brawling
a: Begin Untransformation, Renounce Religion, Stomp


You were on level 5 of the Lair of Beasts.
You worshipped Uskayaw.
Uskayaw was pleased with you.
You were something dangerously unstable.
You visited 2 branches of the dungeon, and saw 16 of its levels.
You also visited: Gauntlet.

You collected 2209 gold pieces.
You spent 1064 gold pieces at shops.

Inventory:

Missiles
 b - 4 throwing nets
Armour
 f - +0 acid dragon scales (melded)
 B - the +2 cloak of Altruism (worn) {Dex+6}
   (You found it in a Gauntlet)

   Dex+6:     It affects your dexterity (+6).
Jewellery
 a - the ring of Arrival {Fire rElec Will- SInv Stlth+}
   (You found it in a Gauntlet)

   [ring of fire]

   Fire:      It enhances your fire magic.
   rF+:       It protects you from fire.
   rC-:       It makes you vulnerable to cold.
   rElec:     It insulates you from electricity.
   Will-:     It decreases your willpower.
   SInv:      It lets you see invisible.
   Stlth+:    It makes you more stealthy.
 w - the ring "Dedem" (left hand) {rElec Str+5 Int-4 Dex+6}
   (You acquired it on level 8 of the Dungeon)

   [ring of dexterity]

   Str+5:     It affects your strength (+5).
   Int-4:     It affects your intelligence (-4).
   Dex+6:     It affects your dexterity (+6).
   rElec:     It insulates you from electricity.
 y - a ring of protection from cold
 z - the amulet of Leiryps (around neck) {Regen+ Slay+2}
   (You bought it in a shop on level 6 of the Dungeon)

   [amulet of regeneration]

   Slay+2:    It affects your accuracy & damage with ranged weapons and melee
   (+2).
   Regen+:    It increases your rate of health regeneration.
 D - the ring of Salvation {rCorr MP+9}
   (You took it off a minotaur in a Gauntlet)

   [ring of resist corrosion]

   MP+9:      It affects your magic capacity (+9).
   rCorr:     It protects you from acid and corrosion.
 F - a +5 ring of evasion (right hand)
 M - a ring of flight
Talismans
 c - a beast talisman
 d - a flux talisman (active)
 A - a blade talisman
 C - a maw talisman
Wands
 p - a wand of flame (65)
 I - a wand of iceblast (7)
 J - a wand of polymorph (17)
Scrolls
 e - 4 scrolls of identify
 g - 13 scrolls of teleportation
 i - 3 scrolls of poison
 k - a scroll of immolation
 l - 4 scrolls of fog
 n - 2 scrolls of vulnerability
 o - 2 scrolls of blinking
 q - a scroll of amnesia
 r - 3 scrolls of enchant armour
 s - 3 scrolls of fear
 t - a scroll of noise
 v - a scroll of silence
 L - 2 scrolls of enchant weapon
Potions
 h - 3 potions of enlightenment
 j - 4 potions of brilliance
 m - a potion of attraction
 u - 3 potions of curing
 x - a potion of cancellation
 E - a potion of lignification
 G - a potion of resistance
 H - 3 potions of mutation
 N - 3 potions of ambrosia
 O - a potion of heal wounds
Miscellaneous
 K - a lightning rod (4/4)


   Skills:
 - Level 9.0 Fighting
 + Level 11.8 Dodging
 + Level 13.5 Unarmed Combat
 + Level 14.3 Invocations
 - Level 7.0 Shapeshifting


You had 13 spell levels left.
You didn't know any spells.
Your spell library contained the following spells:

 Spells                   Type           Power      Damage    Failure   Level
 Apportation              Tloc           0%         N/A       43%         1
 Necrotise                Necr           0%         1d4       43%         1
 Sandblast                Erth           0%         2d4       43%         1
 Sting                    Conj/Alch      0%         1d3       43%         1
 Summon Small Mammal      Summ           0%         N/A       43%         1
 Static Discharge         Conj/Air       0%         3-3/arc   56%         2
 Call Canine Familiar     Summ           0%         N/A       80%         3
 Fugue of the Fallen      Necr           0%         N/A       80%         3
 Ozocubu's Armour         Ice            0%         N/A       80%         3
 Sigil of Binding         Hex            0%         N/A       80%         3
 Stone Arrow              Conj/Erth      0%         3d7       80%         3
 Vampiric Draining        Necr           0%         2d6       80%         3
 Airstrike                Air            0%         2d(0-16)  99%         4
 Brom's Barrelling Bould  Conj/Erth      0%         2d3       99%         4
 Dimensional Bullseye     Hex/Tloc       0%         N/A       99%         4
 Manifold Assault         Tloc           0%         N/A       99%         4
 Martyr's Knell           Necr/Summ      0%         N/A       99%         4
 Summon Lightning Spire   Summ/Air       0%         N/A       99%         4
 Curse of Agony           Necr           0%         N/A       100%        5


Dungeon Overview and Level Annotations

Branches:
Dungeon (11/15)            Temple (0/1) D:7            Lair (5/5) D:10
  Swamp (0/4) Lair:2        Snake (0/4) Lair:3      Gauntlet (visited)
  Slime: Lair:4-5       Orc: D:9-12

Altars:
Ashenzari
Cheibriados
Dithmenos
Elyvilon
Fedhas
Gozag
Nemelex Xobeh
Trog
Uskayaw
Vehumet
Wu Jian
Xom

Shops:
D:2 (   D:6 ((=*

Annotations:
D:8 Jeremiah


Innate Abilities, Weirdness & Mutations

You are something dangerously unstable.
You glow with magical radiation, making you easy to see and hit.
Foes you strike become dangerously contaminated with magical radiation.
You are immune to poison.
You are incapable of wielding weapons or throwing items.
You are too large for most types of armour.
You have a pair of small horns on your head.
You have tough skin. (AC +1)
You gain doubled healing and magic from potions.
Whenever you drink a healing potion, you attack all around you.


Message History

The polar bear is moderately wounded.
A nearby plant withers and dies.
The polar bear barely misses you.
The polar bear completely misses you. x2
You hit the polar bear.
The polar bear shudders as magic cascades through it.
The polar bear twists and deforms.
The polar bear is heavily wounded.
The polar bear barely misses you.
The polar bear completely misses you. x2
You punch the polar bear!
The polar bear begins to glow.
You headbutt the polar bear.
The polar bear is almost dead.
The polar bear goes berserk!
You can now pass through a line of other dancers.
You are too injured to fight recklessly!
You are too injured to fight recklessly!
You punch the polar bear!
You kill the polar bear!
The plant seems less confused.
The basilisk seems less confused.
Your lightning rod (4/4) has regained one charge.
You miss the basilisk. The basilisk gazes at you.
You are slowing down.
You closely miss the basilisk. You headbutt the basilisk.
The basilisk is lightly wounded.
The basilisk gazes at you.
Your limbs have turned to stone.
You have turned to stone.
The basilisk gazes at you. You resist with almost no effort.
The basilisk bites you! The basilisk gazes at you.
You resist with almost no effort. The basilisk bites you! x2
The basilisk gazes at you. You resist with almost no effort.
The basilisk gazes at you.
You turn to flesh and can move again.
You can no longer pass through a line of other dancers.
You take 2 damage, and have 56/140 hp.
You regained 2 mp, and now have 22/24 mp.
Unknown command.
Unknown command.
Unknown command.
You closely miss the basilisk.
The basilisk is lightly wounded.
The basilisk completely misses you.
You hit the basilisk.
The basilisk begins to glow.
You headbutt the basilisk!
The basilisk is moderately wounded.
The basilisk gazes at you.
You are slowing down.
You hit the basilisk.
The basilisk glows dangerously bright.
You headbutt the basilisk.
The basilisk is heavily wounded.
A cane toad comes into view.
The basilisk bites you.
Your limbs are stiffening.
You take 3 damage, and have 55/140 hp.
The cane toad croaks.
You hit the basilisk.
The basilisk shudders as magic cascades through it!
The basilisk twists and deforms.
The basilisk is almost dead.
You hear a croak.
You hear a loud, deep croak!
The basilisk closely misses you.
You have turned to stone.
You can now pass through a line of other dancers.
A cane toad comes into view.
The basilisk bites you! The basilisk completely misses you.
The basilisk barely misses you. The cane toad stings you.
The basilisk completely misses you. The cane toad stings you!
The cane toad stings you. The basilisk gazes at you.
You resist with almost no effort.
You can no longer pass through a line of other dancers.
The cane toad stings you! The basilisk completely misses you.
The cane toad stings you!
* * * LOW HITPOINT WARNING * * *
The cane toad stings you!
* * * LOW HITPOINT WARNING * * *
The basilisk gazes at you. You resist with almost no effort.
The cane toad stings you.
* * * LOW HITPOINT WARNING * * *
The cane toad stings you!
* * * LOW HITPOINT WARNING * * *
The basilisk bites you but does no damage.
The cane toad stings you.
* * * LOW HITPOINT WARNING * * *
The cane toad stings you!
* * * LOW HITPOINT WARNING * * *
The basilisk gazes at you. You resist with almost no effort.
The cane toad stings you!
* * * LOW HITPOINT WARNING * * *
The cane toad stings you!
* * * LOW HITPOINT WARNING * * *
The cane toad stings you.
* * * LOW HITPOINT WARNING * * *
The basilisk bites you.
* * * LOW HITPOINT WARNING * * *
The cane toad stings you!!
You die...
Your body falls in perfect tune with the rhythm.

##....# .. #....### ..
....<..# #### ..
†.....P####..### .##
.<......#......##
#..##..
..............P.##.....
......#.#.....PP†#..#
#.#....#......P.l†..##
#........#....#PpF?.P#
######..........F....#
##................#
##.............P...
###..........####.
#...P.......
#....#.#.#### ##.....
## .#.


You could see 2 cane toads and a basilisk (misshapen).

Vanquished Creatures
  Nessos (Lair:4)
  A minotaur (Gauntlet)
  Josephine (Lair:4)
  Harold (D:9)
  2 hydras
  2 catoblepae
  A boulder beetle (Lair:4)
  4 death yaks (Lair:4)
  A hell hog (Gauntlet)
  2 skysharks
  2 glowing orange brains (Gauntlet)
  A necromancer (Gauntlet)
  Pikel (D:6)
  An ugly thing (Gauntlet)
  3 meliai (Lair:4)
  15 elephants
  A black mamba (Lair:4)
  9 cane toads
  A minotaur zombie (Gauntlet)
  2 rime drakes
  4 komodo dragons
  A queen bee (Lair:4)
  A troll (D:8)
  A hornet (D:10)
  3 polar bears
  3 blink frogs (Lair:2)
  6 dream sheep (Lair:4)
  6 wraiths
  A shadow (D:9)
  33 yaks
  6 wyverns
  4 basilisks
  4 fire bats (Gauntlet)
  2 vampire mosquitoes (D:11)
  2 acid dragons
  Menkaure (D:6)
  6 nagas (Lair:3)
  19 water moccasins
  2 hell hounds (Gauntlet)
  2 ice beasts
  3 orc warriors
  2 sky beasts
  3 black bears
  11 wolves
  An ogre (D:4)
  3 centaurs
  2 phantoms
  A kobold brigand (D:8)
  13 bullfrogs
  A gnoll sergeant (D:5)
  4 scorpions
  13 wights
  26 killer bees
  2 electric eels
  5 howler monkeys
  2 bombardier beetles
  2 jellies
  A wyvern simulacrum (D:9)
  3 hounds
  4 orc priests
  2 gnoll boudas
  3 iguanas
  Ijyb (D:5)
  6 orc wizards
  A centaur simulacrum (D:9)
  24 gnolls
  5 adders
  3 white imps
  5 ufetubi
  5 ribbon worms
  4 dart slugs
  33 orcs
  6 bats
  8 endoplasms
  3 giant cockroaches
  4 goblins
  4 hobgoblins
  11 kobolds
  3 quokkas
  7 ball pythons
  2 frilled lizards
  8 rats
409 creatures vanquished.

Vanquished Creatures (others)
  An arcanist (D:7)
1 creature vanquished.

Grand Total: 410 creatures vanquished

Notes
Turn   | Place    | Note
-------+----------+-------------------------------------------
     0 | D:1      | gimp the Oni Shapeshifter began the quest for the Orb.
     0 | D:1      | Reached XP level 1. HP: 19/19 MP: 1/1
   213 | D:1      | Reached XP level 2. HP: 22/28 MP: 2/2
   597 | D:2      | Found a broken altar of Ashenzari.
   604 | D:2      | Found Tenuot's Antique Weapon Boutique.
   668 | D:2      | Reached XP level 3. HP: 13/36 MP: 3/3
   947 | D:2      | Reached XP level 4. HP: 44/45 MP: 4/4
  1246 | D:2      | Found a faded altar of an unknown god.
  1262 | D:2      | Found a faded altar of an unknown god.
  1713 | D:3      | Reached XP level 5. HP: 47/54 MP: 5/5
  2618 | D:4      | Noticed a phantom
  2706 | D:3      | Killed a phantom
  2707 | D:3      | Reached XP level 6. HP: 22/63 MP: 6/6
  2861 | D:4      | Reached skill level 5 in Fighting
  3337 | D:5      | Entered Level 5 of the Dungeon
  3365 | D:4      | Reached XP level 7. HP: 10/72 MP: 7/7
  3806 | D:5      | Reached skill level 5 in Shapeshifting
  3993 | D:5      | Reached skill level 5 in Unarmed Combat
  4389 | D:5      | Reached XP level 8. HP: 77/84 MP: 8/8
  4692 | D:5      | Noticed Ijyb
  4704 | D:5      | Killed Ijyb
  5345 | D:6      | Noticed Pikel
  5372 | D:6      | Killed Pikel
  5373 | D:6      | Reached XP level 9. HP: 43/97 MP: 9/9
  5562 | D:6      | Identified the +3 whip "Pilaruh" {spect, rC+ Int-4 Dex+5}
  5615 | D:6      | Noticed Menkaure
  5620 | D:6      | Killed Menkaure
  5876 | D:6      | Found a sparkling altar of Nemelex Xobeh.
  6773 | D:6      | Found Kony's Jewellery Shoppe.
  6774 | D:6      | Found Veod Qeu's Weapon Shoppe.
  6774 | D:6      | Found Giasuy's Antique Weapon Shoppe.
  6776 | D:6      | Found Gepofuu's General Store.
  6936 | D:6      | Bought 2 scrolls of fog for 80 gold pieces
  6936 | D:6      | Bought a scroll of teleportation for 30 gold pieces
  6936 | D:6      | Bought a scroll of teleportation for 30 gold pieces
  6936 | D:6      | Bought a scroll of identify for 20 gold pieces
  7106 | D:6      | Found an ornate altar of the Wu Jian Council.
  7134 | D:6      | Found a radiant altar of Vehumet.
  7134 | D:6      | Found a white marble altar of Elyvilon.
  7134 | D:6      | Found a shimmering altar of Xom.
  7134 | D:6      | Found a snail-covered altar of Cheibriados.
  7135 | D:6      | Found a hide-covered altar of Uskayaw.
  7137 | D:6      | Found a blossoming altar of Fedhas.
  7139 | D:6      | Found an opulent altar of Gozag.
  7146 | D:6      | Became a worshipper of Uskayaw the Reveller
  7317 | D:7      | Reached * piety under Uskayaw
  7355 | D:7      | Reached ** piety under Uskayaw
  7357 | D:7      | Reached skill level 1 in Invocations
  7532 | D:7      | Found a bloodstained altar of Trog.
  7535 | D:7      | Noticed a wizard
  7539 | D:7      | Killed a wizard
  7577 | D:7      | Reached skill level 2 in Invocations
  7612 | D:7      | Reached *** piety under Uskayaw
  7813 | D:7      | Reached **** piety under Uskayaw
  7817 | D:7      | Reached ***** piety under Uskayaw
  7866 | D:7      | Found a shadowy altar of Dithmenos.
  8188 | D:7      | Found a staircase to the Ecumenical Temple.
  8304 | D:7      | Reached skill level 3 in Invocations
  8323 | D:7      | Reached XP level 10. HP: 81/106 MP: 12/12
  8966 | D:8      | Reached skill level 4 in Invocations
  9055 | D:8      | Reached ****** piety under Uskayaw
  9401 | D:8      | Noticed Jeremiah
  9615 | D:8      | Identified a scroll of acquirement
  9624 | D:8      | Acquired the ring "Dedem" {rElec Str+5 Int-4 Dex+6}
  9831 | D:8      | Acquired 1252 gold pieces
  9939 | D:6      | Bought the amulet of Leiryps {Regen+ Slay+2} for 544 gold
                  | pieces
  9939 | D:6      | Bought a maw talisman for 360 gold pieces
 10101 | D:9      | Reached skill level 5 in Dodging
 10129 | D:9      | Reached skill level 5 in Invocations
 10261 | D:9      | Reached skill level 6 in Invocations
 10550 | D:9      | Noticed Harold
 10570 | D:9      | Killed Harold
 10571 | D:9      | Reached skill level 7 in Invocations
 10571 | D:9      | Reached XP level 11. HP: 83/115 MP: 14/16
 11034 | D:10     | Entered Level 10 of the Dungeon
 11255 | D:10     | Paralysed by a hornet for 2 turns
 11629 | D:10     | Reached skill level 8 in Invocations
 11666 | D:10     | Reached skill level 10 in Unarmed Combat
 11905 | D:10     | Found a staircase to the Lair.
 12080 | D:11     | Noticed a two-headed ogre
 12126 | Lair:1   | Entered Level 1 of the Lair of Beasts
 12260 | Lair:1   | Reached skill level 9 in Invocations
 13210 | Lair:2   | Reached XP level 12. HP: 118/123 MP: 19/19
 13216 | Lair:2   | Reached skill level 10 in Invocations
 13259 | Lair:2   | Found a gate leading to a gauntlet.
 13262 | Lair:2   | Noticed a skyshark
 13269 | Lair:2   | Killed a skyshark
 13276 | Gauntlet | Entered a Gauntlet
 13276 | Gauntlet | Found a transporter.
 13276 | Gauntlet | Found a transporter.
 13280 | Gauntlet | Found a transporter.
 13289 | Gauntlet | Found a transporter.
 13292 | Gauntlet | Noticed a cacodemon
 13306 | Gauntlet | Noticed a quicksilver ooze
 13308 | Gauntlet | Found a transporter.
 13314 | Gauntlet | Noticed a hell hog
 13316 | Gauntlet | Found a transporter.
 13317 | Gauntlet | Found a transporter.
 13319 | Gauntlet | Found a transporter.
 13322 | Gauntlet | Found a transporter.
 13335 | Gauntlet | Found a transporter.
 13359 | Gauntlet | Found a transporter.
 13388 | Gauntlet | Found a transporter.
 13397 | Gauntlet | Found a transporter.
 13413 | Gauntlet | Found a transporter.
 13426 | Gauntlet | Found a transporter.
 13508 | Gauntlet | Found a transporter.
 13654 | Gauntlet | Identified the ring of Arrival {Fire rElec Will- SInv
                  | Stlth+}
 13760 | Gauntlet | Killed a hell hog
 13775 | Gauntlet | Identified the +2 cloak of Altruism {Dex+6}
 13867 | Gauntlet | Identified the ring of Salvation {rCorr MP+9}
 13867 | Gauntlet | Noticed a minotaur
 13878 | Gauntlet | Killed a minotaur
 13879 | Gauntlet | Reached skill level 11 in Invocations
 14201 | Lair:2   | Reached XP level 13. HP: 119/131 MP: 21/21
 14241 | Lair:2   | Reached skill level 12 in Invocations
 14245 | Lair:2   | Reached skill level 10 in Dodging
 14377 | Lair:2   | Found a staircase to the Swamp.
 14926 | Lair:3   | Found a staircase to the Snake Pit.
 15343 | Lair:3   | Reached skill level 13 in Invocations
 15448 | Lair:3   | Identified the ring of the Cursing Traitor {MP+9 Dex+3
                  | Stlth+}
 16213 | Lair:4   | Noticed Josephine
 16216 | Lair:4   | Reached XP level 14. HP: 104/140 MP: 24/24
 16222 | Lair:4   | Killed Josephine
 16257 | Lair:4   | Noticed Nessos
 16263 | Lair:4   | Killed Nessos
 16264 | Lair:4   | Reached skill level 14 in Invocations
 16841 | Lair:5   | Entered Level 5 of the Lair of Beasts
 16920 | Lair:5   | HP: 5/140 [cane toad (5)]
 16921 | Lair:5   | Mangled by a cane toad

Illustrated notes

Levels and vault maps discovered:
D:1:      mrwooster_arrival_statue_3, layout_rooms
D:2:      layout_rooms, serial_shops, shop, basic_altar,
          hellmonk_ecumenical_altar_the_god_not_taken
D:3:      minmay_razor_zed, layout_basic, serial_aquarium,
          aquarium_bridge_square [aquarium_subvault_balcony,
          aquarium_subvault_bridge, aquarium_subvault_window,
          aquarium_subvault_window], aquarium_bridge_long_separate
          [aquarium_subvault_wall, aquarium_subvault_bridge,
          aquarium_subvault_window, aquarium_subvault_bridge,
          aquarium_subvault_bridge, aquarium_subvault_wall],
          aquarium_window_corridor_1, aquarium_window_1, aquarium_window_fake,
          aquarium_window_corner, aquarium_view_2b, aquarium_view_2c,
          serial_bayou_pond_d
D:4:      layout_cave_pools, grunt_decor_fettered
D:5:      layout_basic, mrwooster_statue_mirror, st_stairs_10, uniq_ijyb
D:6:      layout_loops_cross, minitemple, marbit_many_paths,
          minmay_shop_grid_forest, uniq_pikel, uniq_menkaure
D:7:      layout_loops_corners, trog_wizard, general_overflow_altar,
          minmay_temple_entry_enclosed_plants, lightli_orcish_oven
D:8:      layout_loops_cross, uniq_jeremiah
D:9:      layout_long_grid, serial_ice, serial_ice_m, serial_ice_b,
          serial_ice_e, serial_ice_k, uniq_harold
D:10:     layout_basic, minmay_lair_entry_grove, library_closet,
          serial_park_tiny_2
D:11:     layout_rooms, chequers_serial_rivers_small_b, nicolae_titane
Lair:1:   layout_gridlike, lemuel_fruit_fields, lemuel_fruit_tree
Lair:2:   layout_chaotic_city, minmay_swamp_entry_reptiles,
          gauntlet_entry_generic
Lair:3:   layout_loops_ring, minmay_snake_entry_guardpost_large
Lair:4:   layout_cave_shapes, special_room [special_room_bee],
          chequers_serial_rivers_room_b, serial_bayou_crossing, uniq_nessos,
          uniq_josephine
Lair:5:   evilmike_catoblepas_cave, layout_misc_corridors,
          minmay_slime_entry_oklob_enclosed, uniq_rupert

Skill      XL: |  1  2  3  4  5  6  7  8  9 10 11 12 13 14 |
---------------+-------------------------------------------+-----
Fighting       | 2 3 4 5 6 8 9 |  9.0
Unarmed Combat | 3 4 5 6 8 9 10 12 13 | 13.5
Shapeshifting  | 4 5 6 7 |  7.0
Dodging        | 4 6 8 9 11 | 11.8
Invocations    | 3 7 9 11 13 14 | 14.3

Action                     |  1- 3 |  4- 6 |  7- 9 | 10-12 | 13-15 || total
---------------------------+-------+-------+-------+-------+-------++-------
  Melee: Unarmed           |    72 |   157 |   299 |   546 |   380 ||  1454
         Headbutt          |     5 |    18 |    70 |   165 |   123 ||   381
         Punch             |       |     6 |     8 |       |       ||    14
 Invoke: Line Pass         |       |       |       |     1 |     3 ||     4
  Evoke: Wand              |       |       |     4 |    12 |       ||    16
         Lightning rod     |       |       |       |       |     2 ||     2
    Use: Potion            |     1 |     6 |       |     7 |     3 ||    17
         Scroll            |       |       |       |    18 |     3 ||    21
   Stab: Sleeping          |     1 |     1 |       |       |       ||     2
         Invisible         |       |     2 |       |       |       ||     2
         Paralysed         |       |       |     2 |    46 |    41 ||    89
         Petrified         |       |       |       |       |     3 ||     3
         Distracted        |       |       |       |       |     1 ||     1
 Armour: Animal skin       |    24 |   104 |   116 |       |       ||   244
         Skin              |    23 |       |    77 |   249 |   168 ||   517
  Dodge: Dodged            |    20 |    65 |   184 |   465 |   441 ||  1175
   Form: Flux              |       |       |     1 |     1 |       ||     2
                           |       |       |       |     1 |       ||     1

Table legend: (Time is in decaauts)
 A = Elapsed time spent in this place.
 B = Non-inter-level travel time spent in this place.
 C = Inter-level travel time spent in this place.
 D = Time resting spent in this place.
 E = Time spent auto-exploring this place.
 F = Levels seen in this place.
 G = Mean time per level.
                   A        B        C        D        E       F      G
               +--------+--------+--------+--------+--------+-----+--------+
         Total |  16710 |  16045 |    665 |    389 |  12040 |  17 |  982.9 |
       Dungeon |  12044 |  11517 |    527 |    269 |   9011 |  11 | 1094.9 |
          Lair |   4034 |   3897 |    137 |     44 |   2991 |   5 |  806.8 |
      Gauntlet |    632 |    632 |      0 |     75 |     38 |   1 |  632.0 |
               +--------+--------+--------+--------+--------+-----+--------+

Top non-repeatable levels by time:
     D:5: 2247 daAuts
     D:7: 1766 daAuts
     D:3: 1518 daAuts
     D:6: 1489 daAuts
  Lair:4: 1148 daAuts
  Lair:1: 1008 daAuts
    D:10: 1004 daAuts
     D:9: 1004 daAuts
     D:8: 941 daAuts
  Lair:2: 933 daAuts
  Lair:3: 867 daAuts
     D:2: 795 daAuts
     D:4: 728 daAuts
Gauntlet: 632 daAuts
     D:1: 505 daAuts
